 Dungeon Crawl Stone Soup version 0.26.1-2-gb8aa6d0cf2 (webtiles) character file.

Game seed: 14546981058695454373

414745 Gadfly the Slayer (level 23, -8/161 HPs)
             Began as a Gargoyle Fighter on Feb 9, 2021.
             Was the Champion of Trog.
             Splashed by an ancient lich's acid (12 damage)
             ... on level 5 of the Vaults on Feb 10, 2021.
             The game lasted 01:44:10 (48984 turns).

Gadfly the Slayer (Gargoyle Fighter)               Turns: 48984, Time: 01:44:11

Health: -8/161     AC: 50    Str: 28    XL:     23   Next: 58%
Magic:  7/23       EV: 13    Int: 15    God:    Trog [******]
Gold:   3929       SH: 28    Dex: 12    Spells: 22/22 levels left

rFire    + . .     SeeInvis +   a - +7 demon whip (drain)
rCold    + . .     Faith    .   S - +0 tower shield
rNeg     + . .     Spirit   .   I - +0 crystal plate armour
rPois    ∞         Reflect  +   q - +1 hat
rElec    +         Harm     .   x - scarf {rC+ rF+}
rCorr    .         Rampage  .   c - +2 pair of gloves "Jutz" {Regen+ Str+3 Dex+2}
Will     +....                  Y - +2 pair of boots {run}
Stlth    ..........             j - amulet of reflection
HPRegen  0.00/turn              m - ring of see invisible
MPRegen  0.18/turn              F - ring of the Hare {EV+8}

@: corroded, flying, quick
A: big wings, hooves 1, molten scales 1, clever 1, negative energy resistance 1,
electricity resistance, inhibited regeneration, unbreathing, petrification
resistance, miasma immunity, AC +17
}: 2/15 runes: decaying, gossamer
a: Stop Flying, Renounce Religion, Berserk, Trog's Hand, Brothers in Arms


You were on level 5 of the Vaults.
You worshipped Trog.
Trog was exalted by your worship.
You visited 7 branches of the dungeon, and saw 37 of its levels.
You visited the Abyss 1 time.
You also visited: Bailey.

You collected 5864 gold pieces.
You spent 1935 gold pieces at shops.

Inventory:

Hand Weapons
 a - a +7 demon whip of draining (weapon)
 b - the +10 eveningstar "Plog" {vorpal, rC+}
   (Trog gifted it to you on level 2 of the Orcish Mines)

   It inflicts extra damage upon your enemies.
   It protects you from cold.
 k - the +7 eveningstar of Veczerup {vorpal, +Blink rC+ Will+ Dex-3}
   (Trog gifted it to you on level 3 of the Lair of Beasts)

   It inflicts extra damage upon your enemies.
   It affects your dexterity (-3).
   It protects you from cold.
   It affects your willpower, your defense against some magical effects.
   It lets you blink.
 w - a +2 antimagic morningstar
Armour
 c - the +2 pair of gloves "Jutz" (worn) {Regen+ Str+3 Dex+2}
   (You found it on level 4 of the Swamp)

   It affects your strength (+3).
   It affects your dexterity (+2).
   It increases your rate of regeneration.
 q - a +1 hat (worn)
 x - a scarf of resistance (worn)
 I - a +0 crystal plate armour (worn)
 S - a +0 tower shield (worn)
 Y - a +2 pair of boots of running (worn)
Jewellery
 g - the ring of Hospitality {Will+ MP+9 Dex+3}
   (You acquired it on level 1 of the Lair of Beasts)

   [ring of willpower]

   It affects your dexterity (+3).
   It affects your willpower, your defense against some magical effects.
   It affects your magic capacity (+9).
 j - an amulet of reflection (around neck)
 m - a ring of see invisible (left hand)
 o - an uncursed ring of positive energy
 F - the ring of the Hare (right hand) {EV+8}
   (You found it on level 1 of the Vaults)

   [ring of evasion]

   It affects your evasion (+8).
 O - an uncursed ring of protection from cold
 R - an uncursed ring of willpower
 Z - an uncursed ring of resist corrosion
Wands
 h - a wand of digging (7)
 y - a wand of polymorph (57)
 E - a wand of acid (36)
 H - a wand of iceblast (52) (quivered)
 K - a wand of disintegration (22)
 N - a wand of enslavement (17)
 T - a wand of paralysis (5)
Scrolls
 i - 5 scrolls of teleportation
 p - 14 scrolls of enchant weapon
 u - 18 scrolls of remove curse
 v - 2 scrolls of magic mapping
 z - 4 scrolls of enchant armour
 G - 9 scrolls of blinking
 P - a scroll of holy word
 Q - 2 scrolls of fog
 U - 2 scrolls of fear
 V - 17 scrolls of identify
Potions
 d - 11 potions of might
 e - 7 potions of resistance
 l - 8 potions of attraction
 n - 8 potions of curing
 r - 6 potions of haste
 s - 5 potions of cancellation
 t - a potion of heal wounds
 L - 3 potions of ambrosia
Miscellaneous
 f - a box of beasts
 A - a condenser vane
 B - a lightning rod (4/4)
 D - a tin of tremorstones (2/2)
 J - a phantom mirror
 M - a phial of floods


   Skills:
 + Level 21.9 Fighting
 - Level 16.0 Maces & Flails
 + Level 18.7 Armour
 + Level 18.7 Shields
 * Level 19.2 Evocations


You had 22 spell levels left.
You didn't know any spells.
Your spell library contained the following spells:

 Spells                   Type           Power        Failure   Level
 Freeze                   Ice            0%           100%        1
 Sandblast                Erth           0%           100%        1
 Passwall                 Tmut/Erth      0%           100%        2
 Frozen Ramparts          Ice            0%           100%        3
 Ozocubu's Armour         Ice            0%           100%        3
 Stone Arrow              Conj/Erth      0%           100%        3
 Hailstorm                Conj/Ice       0%           100%        4
 Petrify                  Tmut/Erth      0%           100%        4
 Summon Ice Beast         Ice/Summ       0%           100%        4
 Lee's Rapid Deconstruct  Erth           0%           100%        5


Dungeon Overview and Level Annotations

Branches:
Dungeon (15/15)            Temple (1/1) D:6            Lair (6/6) D:9
  Swamp (4/4) Lair:2       Spider (4/4) Lair:3        Slime (0/5) Lair:5
    Orc (2/2) D:11            Elf (0/3) Orc:2        Vaults (5/5) D:14
  Crypt (0/3) Vaults:2     Depths (0/5) D:15         Bailey (visited)

Altars:
Ashenzari
Cheibriados
Dithmenos
Elyvilon
Fedhas
Gozag
Hepliaklqana
Kikubaaqudgha
Makhleb
Nemelex Xobeh
Okawaru
Qazlal
Ru
Sif Muna
Trog
Uskayaw
Vehumet
Wu Jian
Xom
Yredelemnul
Zin
The Shining One
Beogh

Shops:
D:6 :   D:15 [}   Orc:2 =[!?(   Vaults:4 [


Innate Abilities, Weirdness & Mutations

You are resistant to torment.
Your stone body is resilient. (AC +17)
You are immune to poison.
Your large and strong wings let you fly indefinitely.
You resist negative energy. (rN+)
You are resistant to electric shocks. (rElec)
You can survive without breathing.
You are immune to petrification.
You are immune to miasma.
You have large cloven feet.
You are partially covered in molten scales. (AC +2)
Your mind is acute. (Int +2)
You do not regenerate when monsters are visible.


Message History

You hit the ancient lich but do no damage.
The ancient lich is moderately damaged.
The ancient lich touches you but does no damage.
You hit the ancient lich.
The ancient lich's magic leaks into the air.
The ancient lich is moderately damaged.
You block the ancient lich's attack.
You feel magic returning to you.
You sense an unholy aura.
a - a +7 demon whip of draining (weapon)
Things that are here:
a +0 giant club; an ogre corpse Your deep troll goes berserk!
You block the ancient lich's attack.
You thrash the ancient lich!!
The ancient lich is severely damaged.
The ancient lich points at you and mumbles some strange words.
The bolt of acid hits you!!!
* * * LOW HITPOINT WARNING * * *
The acid corrodes you!
You are splashed with acid!
You die...

. #....#...)(#..(.(.#((...
#.....)......#.....
#....((......#(.... ....
#....#........!..(#()[.. ...
#....#.....#(.).(.#.[... .O
#....##..[###.[.)###[...
4##....#..)(.#..).(.#))[() .
#c#....#..(((.[()[..).)...
...###(#....#)@.T..[.[..)=..(..
#+.(.).....L..(.#....(.#^....
#######..[.()..#################
.........[<<.......
.........<[.<......
.........(<<.......
...................
########........####
#...............#


You could see an ancient lich and a friendly deep troll (summoned, berserk).

Vanquished Creatures
  Mennas (Vaults:1)
  An ancient lich (Vaults:5)
  Bai Suzhen (Vaults:5)
  Saint Roka (Vaults:4)
  Nikola (Swamp:3)
  Rupert (Orc:2)
  2 tentacled monstrosities (Vaults:5)
  3 liches
  Jorgrun (Orc:1)
  3 titans (Vaults:5)
  Frances (Swamp:2)
  A sphinx (Vaults:4)
  An Executioner (Abyss:3)
  2 tentacled starspawn (Abyss:3)
  A storm dragon (Vaults:5)
  2 tengu reavers
  6 fenstrider witches
  4 fire giants
  4 deep elf sorcerers
  18 vault wardens
  Aizul (Swamp:2)
  16 ironheart preservers
  3 ghost moths (Spider:4)
  8 emperor scorpions
  A curse skull (Vaults:2)
  A deep elf elementalist (Vaults:5)
  10 very ugly things
  A ghoul (Vaults:2)
  A reaper (Swamp:4)
  8 stone giants
  A vampire knight (Vaults:2)
  4 deep elf demonologists
  6 entropy weavers
  2 spark wasps (Spider:4)
  A dire elephant (D:15)
  5 deep elf annihilators
  4 eleionomae
  5 bunyips
  A deep elf death mage (Vaults:5)
  A blizzard demon (Swamp:4)
  8 ettins
  Snorg (Orc:2)
  An eidolon (Vaults:2)
  Josephine (Lair:4)
  3 great orbs of eyes
  10 yaktaur captains
  4 fire dragons
  31 vault guards
  A rakshasa (Vaults:1)
  20 hydras
  A ghost crab (Swamp:4)
  3 ice dragons
  14 boulder beetles
  A dancing weapon (Vaults:4)
  5 centaur warriors
  80 two-headed ogres
  4 death knights
  2 tengu warriors
  10 alligators
  A queen ant (Spider:2)
  A deep troll shaman (Vaults:2)
  7 death yaks
  20 ogre magi
  Nergalle (Lair:4)
  3 large abominations
  6 deep elf knights
  A soul eater (Swamp:4)
  2 fire crabs (shapeshifter)
  2 starcursed masses (Abyss:3)
  3 skeletal warriors (D:14)
  2 wretched stars (Abyss:3)
  3 hell knights (Abyss:3)
  A fire crab (Lair:4)
  A death drake (shapeshifter) (Vaults:4)
  2 sixfirhies (Swamp:4)
  5 small abominations
  8 spriggan druids
  10 deep trolls
  5 goliath frogs
  3 unseen horrors
  5 wizards
  A glowing orange brain (Vaults:1)
  3 flayed ghosts
  5 bog bodies
  6 swamp dragons
  11 ironbrand convokers
  Pikel (D:8)
  4 harpies (Vaults:1)
  7 deep elf archers
  A lindwurm (Lair:6)
  4 phantasmal warriors
  3 necromancers
  10 orc knights
  A human zombie (Vaults:3)
  27 ugly things
  28 wolf spiders
  5 orc sorcerers
  10 orb spiders
  4 will-o-the-wisps
  5 cyclopes
  11 deep elf magi
  A fire giant zombie (Vaults:4)
  A manticore (D:15)
  A tengu skeleton (Vaults:4)
  5 elephants
  3 centaur zombies
  Maurice (Orc:1)
  4 moths of wrath
  15 vault sentinels
  A black mamba (shapeshifter) (Vaults:3)
  A smoke demon (Abyss:3)
  8 torpor snails
  5 black mambas
  2 gargoyles
  3 orange demons (Swamp:4)
  16 cane toads
  A yaktaur zombie (Vaults:5)
  A rime drake (shapeshifter) (Vaults:3)
  4 centaur skeletons
  An efreet (D:14)
  3 rime drakes
  A komodo dragon (shapeshifter) (Vaults:1)
  4 freezing wraiths
  A kobold demonologist (D:13)
  5 demonic crawlers
  9 komodo dragons
  49 yaktaurs
  3 polar bears
  10 tyrant leeches
  An ancient zyme (Abyss:3)
  A tengu simulacrum (Vaults:5)
  22 jumping spiders
  A wind drake (shapeshifter) (Vaults:1)
  10 trolls
  16 hornets
  13 blink frogs
  An ettin zombie (Vaults:5)
  A fire giant simulacrum (Vaults:4)
  6 slime creatures
  A snapping turtle (shapeshifter) (Vaults:4)
  A stone giant simulacrum (Vaults:1)
  3 dream sheep (Lair:4)
  The ghost of KittyFluff the Bolt Thrower, an amateur GrHu (D:6)
  A centaur simulacrum (D:15)
  69 redbacks
  A shadow (D:14)
  A spriggan (shapeshifter) (Vaults:1)
  10 spriggans
  20 tarantellas
  11 wraiths
  46 yaks
  A yak (shapeshifter) (D:15)
  6 wyverns
  A hog (shapeshifter) (Vaults:1)
  A golden eye (Abyss:3)
  3 basilisks
  2 steam dragons
  2 neqoxecs
  5 chaos spawn
  11 vampire mosquitoes
  A human simulacrum (Vaults:1)
  A soldier ant (Spider:2)
  5 wargs
  4 acid dragons
  13 swamp worms
  11 water moccasins
  A floating eye (shapeshifter) (Vaults:4)
  3 sky beasts
  A sky beast (shapeshifter) (Vaults:4)
  A hornet zombie (D:13)
  4 ice beasts
  40 orc warriors
  An elf zombie (Vaults:4)
  4 phantoms
  7 black bears
  59 ogres
  2 eyes of draining
  8 wolves
  20 centaurs
  A lemure (D:8)
  2 big kobolds
  A big kobold (shapeshifter) (Vaults:4)
  15 bullfrogs
  2 gnoll sergeants
  A wyvern zombie (D:12)
  3 human skeletons
  A wyvern skeleton (D:11)
  3 scorpions
  An orc simulacrum (Vaults:1)
  A ballistomycete (Lair:3)
  A killer bee (D:5)
  9 wights (D:13)
  5 electric eels
  5 howler monkeys
  A bullfrog zombie (D:6)
  A quasit (D:13)
  17 orc priests
  17 orc wizards
  7 hounds
  Crazy Yiuf (D:2)
  5 bullfrog skeletons
  5 jellies
  7 iguanas
  Ijyb (D:5)
  24 worker ants
  4 hound skeletons
  A worker ant zombie (D:5)
  7 gnolls
  8 adders
  A river rat (shapeshifter) (Vaults:4)
  3 white imps
  An ufetubus (D:8)
  3 oozes
  2 adder zombies (D:6)
  2 worms
  A dart slug (D:5)
  5 leopard geckos
  115 orcs
  2 ball pythons
  11 bats
  5 giant cockroaches
  11 goblins
  8 hobgoblins
  7 jackals
  20 kobolds
  3 quokkas
  7 frilled lizards
  2 quokka skeletons
  12 rats
  4 ballistomycete spores (Lair:3)
  3 briar patches (D:13)
  A bush (Lair:3)
  A starspawn tentacle (Abyss:3)
1575 creatures vanquished.

Vanquished Creatures (collateral kills)
  An ancient lich (Vaults:5)
  A golden dragon (Vaults:5)
  3 tengu reavers (Vaults:5)
  A shadow dragon (Vaults:5)
  A storm dragon (Vaults:5)
  A frost giant (shapeshifter) (Vaults:5)
  2 deep elf sorcerers (Vaults:5)
  A deep elf elementalist (Vaults:5)
  A very ugly thing (Vaults:5)
  A war gargoyle (Vaults:5)
  An ironheart preserver (Vaults:5)
  An ogre mage (Vaults:5)
  A yaktaur captain (Vaults:5)
  A two-headed ogre (Vaults:5)
  A slime creature (D:15)
  A deep troll (Vaults:5)
  A phantasmal warrior (Vaults:5)
  A necromancer (Vaults:4)
  A vault sentinel (Vaults:5)
  A naga mage (D:15)
  A yaktaur skeleton (Vaults:5)
  A dream sheep (shapeshifter) (Vaults:5)
  An ettin zombie (Vaults:5)
  2 ogres (Vaults:5)
  A glowing shapeshifter simulacrum (Vaults:5)
  An orc (D:15)
30 creatures vanquished.

Vanquished Creatures (others)
  A shadow wraith (Vaults:4)
  A spriggan druid (Swamp:3)
  An orb spider (Spider:1)
  3 bloated husks
  2 large abominations (Abyss:3)
  4 golden eyes (Abyss:3)
  2 ogres
  2 small abominations (Abyss:3)
  A hound (D:13)
  An orc wizard (Orc:1)
  A briar patch (D:13)
  6 foxfires
  15 fungi
  92 plants
  4 starspawn tentacles (Abyss:3)
136 creatures vanquished.

Grand Total: 1741 creatures vanquished

Notes
Turn   | Place    | Note
-------+----------+-------------------------------------------
     0 | D:1      | Gadfly the Gargoyle Fighter began the quest for the Orb.
     0 | D:1      | Reached XP level 1. HP: 14/14 MP: 1/1
   218 | D:1      | Reached XP level 2. HP: 19/19 MP: 2/2
   378 | D:1      | Reached skill level 1 in Evocations
   796 | D:2      | Reached XP level 3. HP: 10/23 MP: 3/3
  1148 | D:2      | Reached XP level 4. HP: 20/29 MP: 4/4
  1392 | D:2      | Found a runed translucent door.
  1393 | D:2      | Noticed Crazy Yiuf
  2082 | D:2      | Paralysed by Crazy Yiuf for 5 turns
  2089 | D:2      | Killed Crazy Yiuf
  2090 | D:2      | Reached XP level 5. HP: 12/33 MP: 5/5
  2406 | D:3      | Found a glowing golden altar of the Shining One.
  2697 | D:3      | Reached skill level 4 in Fighting
  2774 | D:3      | Reached XP level 6. HP: 7/38 MP: 6/6
  3414 | D:3      | Found a faded altar of an unknown god.
  3925 | D:4      | Reached XP level 7. HP: 44/44 MP: 7/7
  4237 | D:5      | Entered Level 5 of the Dungeon
  4873 | D:5      | Found a large runed translucent door.
  4873 | D:5      | Found a large runed translucent door.
  4875 | D:5      | Noticed Ijyb
  4886 | D:5      | Killed Ijyb
  4902 | D:5      | Reached XP level 8. HP: 48/48 MP: 8/8
  4906 | D:5      | Reached skill level 5 in Maces & Flails
  4911 | D:5      | Reached skill level 5 in Fighting
  4911 | D:5      | Reached skill level 5 in Armour
  4911 | D:5      | Reached skill level 5 in Shields
  4923 | D:5      | Found a large runed translucent door.
  4923 | D:5      | Found a large runed translucent door.
  5816 | D:6      | You fall into a shaft and drop 2 floors!
  5827 | D:8      | Reached skill level 5 in Evocations
  6092 | D:6      | Found a large runed translucent door.
  6093 | D:6      | Found a large runed translucent door.
  6096 | D:6      | Noticed KittyFluff's ghost (amateur GrHu)
  6148 | D:6      | Reached XP level 9. HP: 52/54 MP: 9/9
  6489 | D:6      | Found a staircase to the Ecumenical Temple.
  6978 | D:6      | Found Cuiwn's Book Shoppe.
  7245 | D:6      | Killed KittyFluff's ghost
  7417 | Temple   | Entered the Ecumenical Temple
  7425 | Temple   | Became a worshipper of Trog the Wrathful
  7664 | D:7      | Reached skill level 6 in Fighting
  8529 | D:8      | Noticed Pikel
  8536 | D:8      | Killed Pikel
  8607 | D:8      | Reached XP level 10. HP: 61/61 MP: 10/10
  8708 | D:8      | Reached * piety under Trog
  8828 | D:8      | Found an opulent altar of Gozag.
  9557 | D:9      | Found a staircase to the Lair.
  9807 | D:9      | Reached skill level 7 in Fighting
 10108 | D:9      | Reached ** piety under Trog
 10117 | D:9      | Got a pair of distressingly furry gloves
 10123 | D:9      | Identified the +2 pair of gloves "Icsiapt" {rPois Str+2
                  | Dex+2} (You found it on level 9 of the Dungeon)
 10163 | D:9      | Gained mutation: You have a pair of small antennae on your
                  | head. [potion of mutation]
 10163 | D:9      | Gained mutation: Your muscles are strong. (Str +2) [potion
                  | of mutation]
 10163 | D:9      | Gained mutation: You are partially covered in molten
                  | scales. (AC +2) [potion of mutation]
 10257 | D:10     | Entered Level 10 of the Dungeon
 10364 | D:10     | Noticed an unseen horror
 10385 | D:10     | Killed an unseen horror
 10389 | D:10     | Found a flagged portal.
 10409 | Bailey   | Entered a bailey
 10915 | Bailey   | Reached *** piety under Trog
 10922 | Bailey   | Reached XP level 11. HP: 45/67 MP: 11/11
 12603 | D:10     | Reached skill level 8 in Fighting
 12603 | D:10     | Reached skill level 10 in Maces & Flails
 12603 | D:10     | Reached XP level 12. HP: 75/75 MP: 12/12
 12856 | D:11     | Noticed a two-headed ogre
 12869 | D:11     | Killed a two-headed ogre
 12870 | D:11     | Reached skill level 9 in Fighting
 12942 | D:11     | Noticed a boulder beetle
 12943 | D:11     | You fall into a shaft and drop 3 floors!
 12943 | D:14     | Noticed a two-headed ogre
 12961 | D:14     | Killed a two-headed ogre
 13779 | D:14     | Noticed a two-headed ogre
 13786 | D:14     | Killed a two-headed ogre
 13796 | D:14     | Reached XP level 13. HP: 80/80 MP: 13/13
 14250 | D:13     | Reached **** piety under Trog
 14271 | D:12     | Reached skill level 10 in Armour
 14542 | D:11     | Found a staircase to the Orcish Mines.
 14726 | Lair:1   | Entered Level 1 of the Lair of Beasts
 14771 | Lair:1   | Reached skill level 10 in Fighting
 14780 | Lair:1   | Reached skill level 10 in Shields
 14849 | Lair:1   | Identified a scroll of acquirement
 14855 | Lair:1   | Acquired the ring of Hospitality {Will+ MP+9 Dex+3}
 15941 | Lair:2   | Found a shimmering altar of Xom.
 15994 | Lair:2   | Reached skill level 10 in Evocations
 16217 | Lair:2   | Found a staircase to the Swamp.
 16759 | Lair:2   | Reached ***** piety under Trog
 17661 | Lair:3   | Found a hole to the Spider Nest.
 18428 | Lair:4   | Gained mutation: Your large and strong wings let you fly
                  | indefinitely. [Gargoyle growth]
 18428 | Lair:4   | Reached XP level 14. HP: 72/88 MP: 14/14
 18548 | Lair:4   | Noticed Josephine
 18565 | Lair:4   | Killed Josephine
 18856 | Lair:4   | Reached skill level 11 in Fighting
 18925 | Lair:4   | Received a gift from Trog
 19365 | Lair:4   | Noticed Nergalle
 19378 | Lair:4   | Killed Nergalle
 20198 | Lair:5   | Found a staircase to the Slime Pits.
 20829 | Lair:6   | Entered Level 6 of the Lair of Beasts
 21147 | Lair:6   | Reached XP level 15. HP: 96/96 MP: 15/15
 21871 | Orc:1    | Entered Level 1 of the Orcish Mines
 21873 | Orc:1    | Noticed Jorgrun
 21883 | Orc:1    | Killed Jorgrun
 21883 | Orc:1    | Received a gift from Trog
 22018 | Orc:2    | Entered Level 2 of the Orcish Mines
 22018 | Orc:2    | Found a staircase to the Elven Halls.
 22075 | Orc:2    | Noticed Snorg
 22086 | Orc:2    | Killed Snorg
 22134 | Orc:2    | Noticed Rupert
 22156 | Orc:2    | Killed Rupert
 22157 | Orc:2    | Reached skill level 12 in Fighting
 22260 | Orc:1    | Noticed Maurice
 22281 | Orc:1    | Killed Maurice
 22324 | Orc:1    | Found a bloodstained altar of Trog.
 22618 | Orc:2    | Found Yckuip's Antique Weapon Boutique.
 22739 | Orc:2    | Reached skill level 15 in Maces & Flails
 22755 | Orc:2    | Found Yferipoj's Distillery.
 22755 | Orc:2    | Found Besm's Magic Scroll Emporium.
 22951 | Orc:2    | Found Osuurien's Jewellery Shoppe.
 22951 | Orc:2    | Found Omamn's Antique Armour Boutique.
 22995 | Orc:2    | Bought a potion of attraction for 48 gold pieces
 22995 | Orc:2    | Bought a potion of ambrosia for 128 gold pieces
 22995 | Orc:2    | Bought a potion of mutation for 128 gold pieces
 22995 | Orc:2    | Lost mutation: Your muscles are strong. (Str +2) [potion of
                  | mutation]
 22995 | Orc:2    | Lost mutation: You have a pair of small antennae on your
                  | head. [potion of mutation]
 22995 | Orc:2    | Gained mutation: Your mind is acute. (Int +2) [potion of
                  | mutation]
 22995 | Orc:2    | Gained mutation: You are agile. (Dex +2) [potion of
                  | mutation]
 22997 | Orc:2    | Bought a scroll of acquirement for 728 gold pieces
 22998 | Orc:2    | Bought a pair of boots for 103 gold pieces
 23009 | Orc:2    | Acquired a manual of Fighting
 23043 | Orc:2    | Found a roughly hewn altar of Beogh.
 23125 | Orc:2    | Received a gift from Trog
 23128 | Orc:2    | Got an iridescent eveningstar {god gift}
 23129 | Orc:2    | Identified the +10 eveningstar "Plog" {vorpal, rC+} (Trog
                  | gifted it to you on level 2 of the Orcish Mines)
 23743 | D:12     | Found an ancient bone altar of Kikubaaqudgha.
 24011 | D:12     | Reached XP level 16. HP: 79/103 MP: 4/16
 24527 | D:13     | Found a transporter.
 24568 | D:13     | Reached skill level 13 in Fighting
 24673 | D:13     | Reached ****** piety under Trog
 24951 | D:13     | Found a transporter.
 25040 | D:13     | Received a gift from Trog
 25907 | D:13     | Identified a +2 pair of boots of running (You found it on
                  | level 13 of the Dungeon)
 26863 | D:14     | Found a gate to the Vaults.
 27238 | D:15     | Entered Level 15 of the Dungeon
 27388 | D:15     | Found a glowing golden altar of the Shining One.
 27461 | D:15     | Found Mazuux's Gadget Boutique.
 27726 | D:15     | Found a staircase to the Depths.
 27836 | D:15     | Reached skill level 14 in Fighting
 28090 | D:15     | Bought a box of beasts for 520 gold pieces
 28094 | D:15     | Found Wairokk's Antique Armour Shoppe.
 28551 | Swamp:1  | Entered Level 1 of the Swamp
 28840 | Swamp:1  | Received a gift from Trog
 29724 | Swamp:2  | Noticed a fenstrider witch
 29739 | Swamp:2  | Paralysed by a fenstrider witch for 7 turns
 29752 | Swamp:2  | Killed a fenstrider witch
 30083 | Swamp:2  | Reached XP level 17. HP: 101/112 MP: 17/17
 30096 | Swamp:2  | Reached skill level 15 in Fighting
 30110 | Swamp:2  | Noticed Aizul
 30130 | Swamp:2  | Killed Aizul
 30370 | Swamp:2  | Noticed Frances
 30388 | Swamp:2  | Killed Frances
 30577 | Swamp:2  | Got a buzzing mace
 30578 | Swamp:2  | Identified the +7 mace of Cestam {elec, Str+3 Int+4} (You
                  | found it on level 2 of the Swamp)
 31424 | Swamp:3  | Received a gift from Trog
 31431 | Swamp:3  | Reached skill level 16 in Fighting
 31740 | Swamp:3  | Identified the +1 pair of gloves of the Tortoise {-Tele
                  | +Fly rN+ Dex+6}
 31740 | Swamp:3  | Noticed Nikola
 31756 | Swamp:3  | Killed Nikola
 32040 | Swamp:4  | Entered Level 4 of the Swamp
 32230 | Swamp:4  | Reached skill level 17 in Fighting
 32715 | Swamp:4  | Reached XP level 18. HP: 89/124 MP: 18/18
 32719 | Swamp:4  | Paralysed by a fenstrider witch for 4 turns
 32740 | Swamp:4  | Paralysed by a fenstrider witch for 4 turns
 32831 | Swamp:4  | Paralysed by a fenstrider witch for 5 turns
 33081 | Swamp:4  | Got a decaying rune of Zot
 33094 | Swamp:4  | Got a pair of scorched gloves
 33131 | Swamp:4  | Identified the +2 pair of gloves "Jutz" {Regen+ Str+3
                  | Dex+2} (You found it on level 4 of the Swamp)
 33320 | Swamp:4  | Got a steaming scale mail
 33321 | Swamp:4  | Identified the cursed +0 scale mail "Wairch" {rF+ rC+
                  | Regen+ Int-3} (You found it on level 4 of the Swamp)
 33705 | Spider:1 | Entered Level 1 of the Spider Nest
 33861 | Lair:3   | Received a gift from Trog
 33869 | Lair:3   | Got a smoking eveningstar {god gift}
 33870 | Lair:3   | Identified the +7 eveningstar of Veczerup {vorpal, +Blink
                  | rC+ Will+ Dex-3} (Trog gifted it to you on level 3 of the
                  | Lair of Beasts)
 34209 | Spider:1 | Reached skill level 18 in Fighting
 34800 | Spider:2 | Reached skill level 15 in Armour
 34924 | Spider:2 | Reached skill level 15 in Shields
 35557 | Spider:3 | Received a gift from Trog
 36320 | Spider:4 | Entered Level 4 of the Spider Nest
 36437 | Spider:4 | Reached XP level 19. HP: 126/132 MP: 11/19
 36681 | Spider:4 | Received a gift from Trog
 36707 | Spider:4 | Got a transparent flail {god gift}
 36708 | Spider:4 | Identified the +2 flail of Animal Spirits {flame, rPois
                  | Stlth+} (Trog gifted it to you on level 4 of the Spider
                  | Nest)
 37288 | Spider:4 | Got a gossamer rune of Zot
 37598 | Orc:2    | Bought a scroll of brand weapon for 280 gold pieces
 37768 | Vaults:1 | Entered Level 1 of the Vaults
 37855 | Vaults:1 | Reached skill level 19 in Fighting
 38274 | Vaults:1 | Received a gift from Trog
 38541 | Vaults:1 | Reached skill level 15 in Evocations
 39077 | Vaults:1 | Found the ring of the Hare {EV+8}
 39911 | Vaults:2 | Reached XP level 20. HP: 79/140 MP: 20/20
 40036 | Vaults:2 | Received a gift from Trog
 40236 | Vaults:2 | Noticed Mennas
 40590 | Vaults:2 | Reached skill level 20 in Fighting
 40611 | Vaults:1 | Killed Mennas
 40857 | Vaults:2 | Identified the +10 broad axe "Punt" {antimagic, Str+2}
 40931 | Vaults:2 | Received a gift from Trog
 41070 | Vaults:2 | Acquired 983 gold pieces
 41489 | Vaults:2 | Found a staircase to the Crypt.
 41801 | Vaults:2 | Lost mutation: You are agile. (Dex +2) [potion of mutation]
 41801 | Vaults:2 | Lost mutation: Your mind is acute. (Int +2) [potion of
                  | mutation]
 41801 | Vaults:2 | Lost mutation: You are partially covered in molten scales.
                  | (AC +2) [potion of mutation]
 41801 | Vaults:2 | Gained mutation: Armour fits poorly on your strangely
                  | shaped body. [potion of mutation]
 41801 | Vaults:2 | Gained mutation: You evolve. [potion of mutation]
 41801 | Vaults:2 | Gained mutation: You are partially covered in molten
                  | scales. (AC +2) [potion of mutation]
 41801 | Vaults:2 | Gained mutation: You have sharp toenails. [potion of
                  | mutation]
 41802 | Vaults:2 | Lost mutation: You evolve. [potion of mutation]
 41802 | Vaults:2 | Lost mutation: You have sharp toenails. [potion of
                  | mutation]
 41802 | Vaults:2 | Lost mutation: Armour fits poorly on your strangely shaped
                  | body. [potion of mutation]
 41802 | Vaults:2 | Gained mutation: You have large cloven feet. [potion of
                  | mutation]
 41802 | Vaults:2 | Gained mutation: Your mind is acute. (Int +2) [potion of
                  | mutation]
 42102 | Vaults:3 | Received a gift from Trog
 42174 | Vaults:3 | Reached XP level 21. HP: 147/147 MP: 21/21
 43222 | Vaults:3 | Received a gift from Trog
 44269 | Vaults:4 | Received a gift from Trog
 45335 | Vaults:4 | Reached skill level 21 in Fighting
 45361 | Vaults:4 | Reached XP level 22. HP: 152/155 MP: 22/22
 45593 | Vaults:4 | Found Nakih's Armour Boutique.
 45712 | Vaults:5 | Entered Level 5 of the Vaults
 46253 | Vaults:5 | Noticed Saint Roka
 46261 | Vaults:5 | Noticed an ancient lich
 46277 | Vaults:5 | Received a gift from Trog
 46301 | Vaults:5 | Noticed Bai Suzhen
 46316 | Vaults:5 | Killed Bai Suzhen
 46484 | Vaults:5 | HP: 5/155 [acid (12)]
 46579 | Vaults:5 | Noticed an ancient lich
 46615 | Vaults:5 | Killed an ancient lich
 46615 | Vaults:5 | Noticed a golden dragon
 46621 | Vaults:5 | Killed an ancient lich
 46630 | Vaults:5 | Killed a golden dragon
 46807 | Vaults:5 | Identified the +0 leather armour of the Elephant {rN++}
 46836 | Vaults:5 | Reached XP level 23. HP: 122/160 MP: 23/23
 46839 | Vaults:5 | Received a gift from Trog
 46992 | Vaults:4 | Killed Saint Roka
 47209 | Vaults:5 | Noticed an ancient lich
 47210 | Vaults:5 | Identified the +6 long sword of Lust {vorpal, rF+}
 47597 | Vaults:5 | Identified the +7 flail of Gakemn {vorpal, *Rage rF++ Str+3
                  | Dex+4}
 47597 | Vaults:5 | Identified the cursed +0 buckler "Pete" {*Slow Str+4 Int+3
                  | Slay+3}
 47633 | Vaults:5 | Cast into level 3 of the Abyss (a deep elf demonologist)
 48265 | Abyss:3  | Gained mutation: You do not regenerate when monsters are
                  | visible. [a neqoxec]
 48348 | Abyss:3  | Received a gift from Trog
 48427 | Abyss:3  | Got a crude war axe {god gift}
 48428 | Abyss:3  | Identified the +12 war axe of Joyful Slaughter {vorpal,
                  | SInv} (Trog gifted it to you on level 3 of the Abyss)
 48549 | Abyss:3  | Paralysed by accursed screaming for 1 turns
 48553 | Abyss:3  | Paralysed by accursed screaming for 1 turns
 48650 | Vaults:5 | Escaped the Abyss
 48846 | Vaults:5 | Identified the cursed +1 robe of Peek-a-Boo {Slay+2}
 48984 | Vaults:5 | HP: 4/161 [ancient lich/bolt of acid (57)]
 48984 | Vaults:5 | Splashed by an ancient lich's acid

Illustrated notes

Levels and vault maps discovered:
D:1:      dpeg_arrival_chambers_temple_mockup, layout_basic
D:2:      layout_loops_ring, uniq_crazy_yiuf_cottage
D:3:      wad_lake_hut, layout_loops_ring, overflow_temple_1_default,
          portal_sewer_entry_b, chequers_ecumenical_altar_simple
D:4:      layout_rooms
D:5:      minmay_opposing_rooms, layout_loops_cross,
          minmay_hollow_rounded_squares, uniq_ijyb
D:6:      layout_basic, minmay_temple_entry_large_hall, serial_corexii_hall,
          corexii_hall_statues_x, chequers_hall_statues_y, serial_shops,
          kennysheep_mini_moat, ebering_ghost_disaster_area
D:7:      layout_loops_ring
D:8:      layout_loops_ring, basic_altar, uniq_pikel
D:9:      layout_basic, lair_entry_dummy, minmay_misc_feat_diagonals
D:10:     layout_stronghold, enter_bailey_5
D:11:     layout_cave_pools, hiddenorc1_lemuel
D:12:     layout_long_grid, basic_altar
D:13:     gammafunk_worm_tunnel, layout_loops_ring
D:14:     layout_irregular_city, david_vaults_5, dk_noncrumbling_3
D:15:     hangedman_depths_entry_try_elsewhere_first, layout_cave_pools,
          serial_shops, shop, shop, basic_altar, minmay_fractal_squares_5
Temple:   compressed_dpeg_circular_temple
Lair:1:   layout_loops_ring, chequers_serial_rivers_marsh, minivault_23,
          lemuel_fruit_tree, serial_bayou_shore_b, serial_bayou_shore_a
Lair:2:   layout_hall_layers, skrybe_swamp_entry_bodies, basic_altar,
          grunt_forest_stairs_clearing
Lair:3:   beast_lair_carwin_large_2, layout_hall_layers, dummy_spider_entry,
          minmay_lair_oklob_items
Lair:4:   nzn_winding_woodlands_stair_trap [nzn_winding_woodlands_5x15_twine,
          nzn_winding_woodlands_5x15_lazy_stream,
          nzn_winding_woodlands_5x15_sawtooth,
          nzn_winding_woodlands_15x15_thick_spiral,
          nzn_winding_woodlands_5x15_concentric,
          nzn_winding_woodlands_5x15_default,
          nzn_winding_woodlands_5x15_sidewinder], layout_long_grid,
          serial_bayou_lagoon_a, serial_bayou_pond_e, minivault_25,
          lemuel_fruit_fields, uniq_nergalle, uniq_josephine
Lair:5:   layout_regular_city, slime_dummy, serial_bayou_shore_b
Lair:6:   wormcave, layout_long_grid
Swamp:1:  layout_basic_swamp, evilmike_swamp_ruin_house_5, swamp_pool1,
          hangedman_swamp_lotus, nicolae_swamp_trees_clearing,
          nicolae_swamp_little_tower, infiniplex_staircase_pool
Swamp:2:  layout_falls_marsh, evilmike_swamp_ruin_rubble_1, uniq_aizul,
          uniq_frances
Swamp:3:  layout_basic_swamp, nicolae_swamp_round_clearing,
          infiniplex_staircase_pool_2, uniq_nikola
Swamp:4:  nzn_swamp_witches_coven, layout_basic_swamp
Spider:1: layout_spider_delve
Spider:2: layout_spider_delve, nicolae_spider_ant_collections
Spider:3: layout_spider_delve
Spider:4: spider_rune_water
Orc:1:    layout_diamond_mine, trog_book, uniq_jorgrun, uniq_maurice
Orc:2:    st_orc_ogre_mass, layout_caves, basic_altar, serial_shops, shop,
          uniq_snorg, uniq_rupert
Vaults:1: vaults_dpeg_encased_lava, nicolae_vaults_what_the_h, v_rooms_2,
          hangedman_vaults_river_flow, vaults_mumra_hexcomb,
          nicolae_vaults_arrows, nicolae_vaults_an_arrangement,
          nicolae_vaults_twisting_passages, v_alt_pattern_3,
          nicolae_vaults_little_squares_5, nicolae_vaults_inception_statues,
          layout_vaults_omnibox
Vaults:2: v_misc_5, minmay_crypt_entry_simple_corners, vaults_room_fours,
          ontoclasm_vaults_ring_large, grunt_vaults_focal, v_rooms_5,
          vaults_standard_mumra_lines, nicolae_vaults_puzzle_piece,
          ontoclasm_vaults_spin, ontoclasm_vaults_gallery,
          layout_vaults_maze_bifur, uniq_mennas
Vaults:3: v_misc_5, nicolae_vaults_network_quincunx
          [nicolae_vaults_network_quincunx_subvault,
          nicolae_vaults_network_quincunx_subvault,
          nicolae_vaults_network_quincunx_subvault,
          nicolae_vaults_network_quincunx_subvault,
          nicolae_vaults_network_quincunx_subvault], ontoclasm_vaults_hangar,
          nicolae_vaults_sealed_display, st_lines, vaults_dpeg_cross,
          v_alt_pattern_4, hangedman_vaults_maws, layout_vaults_omnigrid
Vaults:4: nicolae_vaults_network_s, v_misc_11, grunt_vaults_diagonal,
          nicolae_vaults_windows_and_doors_thing, v_misc_2, v_misc_22,
          nicolae_vaults_ring_of_whatevers, ontoclasm_vaults_loading_screen,
          nicolae_vaults_theta, nicolae_vaults_mini_display_case,
          ontoclasm_vaults_gateway, layout_vaults_chaotic_city, serial_shops,
          shop
Vaults:5: uniq_saint_roka, uniq_bai_suzhen

Skill      XL: |  1  2  3  4  5  6  7  8  9 10 11 12 13 14 15 16 17 18 19 20 21 22 23 |
---------------+----------------------------------------------------------------------+-----
Evocations     | 1 2 3 4 5 6 7 9 10 11 12 13 14 15 16 17 18 19 | 19.2
Maces & Flails | 3 4 6 7 9 10 11 13 14 15 16 | 16.0
Armour         | 4 5 6 7 8 9 10 11 12 13 14 15 16 17 18 | 18.7
Fighting       | 4 5 6 7 8 9 10 11 12 14 17 18 19 20 21 | 21.9
Shields        | 4 5 6 7 8 9 10 11 12 13 14 15 16 17 18 | 18.7

Action                   |  1- 3 |  4- 6 |  7- 9 | 10-12 | 13-15 | 16-18 | 19-21 | 22-24 || total
-------------------------+-------+-------+-------+-------+-------+-------+-------+-------++-------
Melee: Flail             |   116 |   119 |   147 |   566 |   704 |       |       |       ||  1652
       Mace              |       |    91 |       |       |       |    90 |       |       ||   181
       Dagger            |       |    20 |   421 |       |    80 |       |       |       ||   521
       Trident           |       |       |       |   200 |       |       |       |       ||   200
       Hand axe          |       |       |       |    25 |       |       |       |       ||    25
       Demon whip        |       |       |       |       |   677 |  1583 |  1527 |   711 ||  4498
       Eveningstar       |       |       |       |       |    16 |   121 |   366 |   195 ||   698
       Morningstar       |       |       |       |       |       |       |       |     9 ||     9
Invok: Berserk           |       |       |       |     2 |     1 |     2 |     1 |       ||     6
       Trog's Hand       |       |       |       |     1 |       |     1 |     1 |     3 ||     6
       Brothers in Arms  |       |       |       |       |       |     1 |     2 |     6 ||     9
 Abil: Fly               |       |       |       |       |     1 |       |       |       ||     1
Evoke: Wand              |       |       |       |       |     4 |    13 |       |     1 ||    18
       Box of beasts     |       |       |       |       |       |       |       |     1 ||     1
       Lightning rod     |       |       |       |       |       |       |       |     1 ||     1
       Condenser vane    |       |       |       |       |       |       |       |     1 ||     1
  Use: Scroll            |     4 |     6 |     7 |     2 |    10 |     5 |     6 |     9 ||    49
       Potion            |     1 |     2 |     2 |     3 |     2 |     3 |     2 |     3 ||    18
 Stab: Distracted        |       |       |       |       |       |     3 |     2 |     3 ||     8
       Confused          |       |       |       |       |       |     1 |       |       ||     1
       Held in net/web   |       |       |       |       |       |       |     1 |       ||     1
Armor: Scale mail        |    77 |   134 |    39 |       |       |       |       |       ||   250
       Chain mail        |       |       |    38 |       |       |       |       |       ||    38
       Plate armour      |       |       |    88 |   148 |       |       |       |       ||   236
       Crystal plate arm |       |       |       |   278 |   618 |  1109 |   601 |   303 ||  2909
Dodge: Dodged            |    50 |    77 |   142 |   220 |   272 |   463 |   361 |   199 ||  1784
Block: Kite shield       |    88 |   162 |   399 |   784 |  1038 |  1483 |   692 |       ||  4646
       Reflection        |       |       |     2 |    15 |     6 |    42 |   119 |    66 ||   250
       Tower shield      |       |       |       |       |       |       |   839 |   921 ||  1760
